 Dungeon Crawl Stone Soup version 0.30.0-29-ga12c61a403 (webtiles) character file.

Game seed: 1003361226737352962

2769 5155yf4g the Fighter (level 9, -1/89 HPs)
             Began as a Minotaur Berserker on June 20, 2023.
             Was an Elder of Trog.
             Shot with an arrow by a centaur (11 damage)
             ... on level 7 of the Dungeon.
             The game lasted 00:27:26 (7243 turns).

5155yf4g the Fighter (Minotaur Berserker)           Turns: 7243, Time: 00:27:27

Health: -1/89      AC:  9    Str: 26    XL:     9   Next: 42%
Magic:  8/8        EV: 25    Int:  4    God:    Trog [****..]
Gold:   440        SH:  0    Dex: 10    Spells: 8/8 levels left

rFire   + . .        B - +0 war axe
rCold   . . .        (no shield)
rNeg    . . .        f - +2 scale mail {rF+}
rPois   .            (helmet restricted)
rElec   .            (no cloak)
rCorr   .            (no gloves)
SInv    .            C - +0 pair of boots
Will    .....        E - amulet of the acrobat Stlth
                     (no ring)
HPRegen 0.34/turn    (no ring)
MPRegen 0.11/turn

%: acrobat
@: marked, acrobatic
A: horns 2, retaliatory headbutt
a: Renounce Religion, Berserk, Trog's Hand, Brothers in Arms


You were on level 7 of the Dungeon.
You worshipped Trog.
Trog was greatly pleased with you.
You visited 1 branch of the dungeon, and saw 7 of its levels.

You collected 440 gold pieces.

Inventory:

Hand Weapons
 a - a +1 hand axe of flaming
 q - a +0 hand axe
 B - a +0 war axe (weapon)
Missiles
 h - 53 stones (quivered)
 j - 9 poisoned darts
 o - a throwing net
 A - 5 boomerangs
 H - 3 curare-tipped darts
Armour
 f - a +2 scale mail of fire resistance (worn)
 x - the +0 chain mail of Dithmenos's Pride {rC+}
   (You found it on level 3 of the Dungeon)

   rC:        It protects you from cold.
 C - a +0 pair of boots (worn)
Jewellery
 E - an amulet of the acrobat (around neck)
Wands
 t - a wand of charming (31)
 G - a wand of mindburst (12)
Scrolls
 b - 2 scrolls of immolation {unknown}
 d - a scroll of enchant weapon {unknown}
 e - 3 scrolls of blinking {unknown}
 g - a scroll of torment {unknown}
 i - a scroll of identify {unknown}
 k - 2 scrolls of brand weapon {unknown}
 m - a scroll of enchant armour {unknown}
 p - a scroll of butterflies {unknown}
 u - a scroll of teleportation {unknown}
 w - 2 scrolls of silence {unknown}
 y - a scroll of vulnerability {unknown}
 F - a scroll of magic mapping {unknown}
 J - a scroll of poison {unknown}
Potions
 c - 3 potions of lignification {unknown}
 l - a potion of magic {unknown}
 n - 4 potions of haste {unknown}
 r - a potion of curing {unknown}
 s - 2 potions of heal wounds {unknown}
 v - a potion of attraction {unknown}
 z - a potion of mutation {unknown}
 D - 2 potions of brilliance {unknown}
 I - a potion of resistance {unknown}
 K - a potion of flight {unknown}


   Skills:
 + Level 11.5 Fighting
 + Level 11.5 Axes
 - Level 2.4 Armour
 - Level 2.1 Dodging


You had 8 spell levels left.
You didn't know any spells.
Your spell library was empty.

Dungeon Overview and Level Annotations

Branches:
Dungeon (7/15)             Temple (0/1) D:5

Altars:
Cheibriados
Gozag
Hepliaklqana
Makhleb
Nemelex Xobeh
Okawaru
Qazlal
Sif Muna
Trog
Zin

Shops:
D:3 :


Innate Abilities, Weirdness & Mutations

You have a pair of horns on your head.
You reflexively headbutt those who attack you in melee.


Message History

You are more poisoned.
Dowan casts a spell.
Dowan blinks!
You feel very sick.
You feel very sick.
You closely miss Dowan. You headbutt Dowan.
Dowan is severely wounded.
You feel very sick. Dowan hits you but does no damage.
You are more poisoned.
You closely miss Dowan.
Dowan is severely wounded.
You feel very sick.
Dowan hits you with a +2 dagger of venom.
You are more poisoned.
Dowan hits you with a +2 dagger of venom.
You are more poisoned.
You barely miss Dowan.
Dowan is severely wounded.
You feel extremely sick.
Dowan hits you with a +2 dagger of venom.
You are more poisoned.
You slash Dowan!
You kill Dowan!
Trog accepts your kill.
Trog appreciates your killing of a magic user.
You feel extremely sick.
You start resting.
You feel very sick. x4
You feel sick. x3
A centaur is nearby!
You feel sick.
You feel sick.
The centaur shoots an arrow.
The arrow completely misses you.
You feel sick.
You feel sick.
You feel sick.
You feel sick.
You are no longer poisoned.
The centaur shoots an arrow.
The arrow hits you!
You die...

#..........># #....~#..[# ..#
............#######....~##)##~.[#
...........[......#....~)))~~~..#
............#####....c....).....#
......#.....# ###.c...).)......
.....##.....# ####.####>.###....
...####.....# #.....# ##........
...# ###.### #.._..# #c.......
...# #.# #@.8..# ......... ####
#.# #..._.............. ######
.?................
......#...###.....!.............
......##..#...............
......#...................
......#.#................
##.#....#.....?.........
#......##..........


You could see 2 centaurs.

Vanquished Creatures
  A wyvern (D:7)
  A steam dragon (D:7)
  Edmund (D:6)
  Duvessa (D:7)
  2 orc warriors (D:7)
  A water moccasin (D:7)
  3 black bears
  A sky beast (D:7)
  2 ice beasts (D:6)
  An ogre (D:5)
  3 centaurs (D:7)
  A phantom (D:4)
  A bullfrog (D:6)
  A kobold brigand (D:6)
  Dowan (D:7)
  4 hounds
  5 orc priests
  2 jellies
  2 sleepcaps (D:4)
  Ijyb (D:5)
  2 iguanas
  4 orc wizards
  Robin (D:2)
  3 gnolls (D:2)
  9 adders
  A shadow imp (D:7)
  A white imp (D:5)
  2 ufetubi (D:7)
  A worm (D:3)
  2 dart slugs
  24 orcs
  9 ball pythons
  8 endoplasms
  4 giant cockroaches
  18 goblins
  14 hobgoblins
  15 jackals
  5 quokkas
  6 bats
  3 frilled lizards
  12 kobolds
  9 rats
188 creatures vanquished.

Notes
Turn   | Place    | Note
-------+----------+-------------------------------------------
     0 | D:1      | 5155yf4g the Minotaur Berserker began the quest for the
                  | Orb.
     0 | D:1      | Reached XP level 1. HP: 19/19 MP: 0/0
   290 | D:1      | Reached XP level 2. HP: 27/27 MP: 1/1
   981 | D:2      | Reached XP level 3. HP: 16/34 MP: 2/2
  1091 | D:2      | Reached ** piety under Trog
  1247 | D:2      | Noticed Robin
  1269 | D:2      | Reached XP level 4. HP: 41/41 MP: 3/3
  1276 | D:2      | Killed Robin
  1277 | D:2      | Reached skill level 5 in Fighting
  1277 | D:2      | Reached skill level 5 in Axes
  1749 | D:2      | Reached *** piety under Trog
  1752 | D:2      | Reached XP level 5. HP: 48/48 MP: 4/4
  2269 | D:3      | Found Soageq's Book Shoppe.
  2366 | D:3      | Found a bloodstained altar of Trog.
  2592 | D:3      | Identified the +0 chain mail of Dithmenos's Pride {rC+}
  2906 | D:3      | Found an iron altar of Okawaru.
  3188 | D:4      | Noticed a phantom
  3215 | D:4      | Killed a phantom
  3216 | D:4      | Reached XP level 6. HP: 52/58 MP: 5/5
  3262 | D:4      | Reached XP level 7. HP: 48/66 MP: 6/6
  3579 | D:4      | Identified the +5 mace of the Forging Gods {venom, Drain
                  | rElec rN+ Int+2 Stlth+}
  3632 | D:4      | Found a snail-covered altar of Cheibriados.
  3645 | D:4      | Reached **** piety under Trog
  4379 | D:5      | Entered Level 5 of the Dungeon
  4390 | D:5      | Found a staircase to the Ecumenical Temple.
  4451 | D:5      | Found a burning altar of Makhleb.
  4457 | D:5      | Found a glowing silver altar of Zin.
  4457 | D:5      | Noticed an angel
  4458 | D:5      | Noticed an Executioner
  5072 | D:5      | Noticed Ijyb
  5082 | D:5      | Killed Ijyb
  5111 | D:5      | Noticed a fire elemental
  5112 | D:5      | Found a stormy altar of Qazlal.
  5115 | D:5      | Noticed an air elemental
  5115 | D:5      | Noticed a water elemental
  5138 | D:5      | Reached XP level 8. HP: 50/77 MP: 7/7
  5616 | D:6      | Noticed Edmund
  5623 | D:6      | Killed Edmund
  5874 | D:6      | Found an opulent altar of Gozag.
  6076 | D:6      | Reached skill level 10 in Fighting
  6076 | D:6      | Reached skill level 10 in Axes
  6102 | D:6      | Found a shimmering blue altar of Sif Muna.
  6154 | D:6      | Identified the +10 scimitar "No More Talking" {protect,
                  | *Corrode rElec rPois rN+}
  6482 | D:7      | Noticed Duvessa
  6492 | D:7      | Noticed Dowan
  6497 | D:7      | Killed Duvessa
  6498 | D:7      | Reached XP level 9. HP: 43/86 MP: 8/8
  7029 | D:7      | Found a hazy altar of Hepliaklqana.
  7029 | D:7      | Found a sparkling altar of Nemelex Xobeh.
  7042 | D:7      | Found a flagged portal.
  7230 | D:7      | Killed Dowan
  7243 | D:7      | Shot with an arrow by a centaur

Illustrated notes

Levels and vault maps discovered:
D:1:      dpeg_arrival_circle_labyrinth_c, layout_loops_ring
D:2:      minmay_spotlight, layout_basic, chequers_big_river, uniq_robin
D:3:      layout_loops_ring, mainiacjoe_overflow_24_doors,
          okawaru_altar_gauntlet_db, serial_shops, nicolae_shop_window_shopping
D:4:      layout_layer_cave, nicolae_overflow_crystal_walls,
          minmay_stone_trees_small, moated_statue
D:5:      layout_basic, grunt_temple_overflow_order_and_chaos_2,
          nicolae_qazlal_style_of_elements, minmay_temple_entry_waves, uniq_ijyb
D:6:      layout_cave_pools, grunt_gozag_statues, nicolae_sif_muna_condensation,
          uniq_edmund
D:7:      nicolae_whirlpool, layout_rooms,
          chequers_temple_overflow_statue_of_worship, enter_bailey_3,
          uniq_duvessa

Skill      XL: |  1  2  3  4  5  6  7  8  9 |
---------------+----------------------------+-----
Fighting       | 4 5 6 7 8 10 11 | 11.5
Axes           | 4 5 6 7 8 10 11 | 11.5
Armour         | |  2.4
Dodging        | |  2.1

Action                     |  1- 3 |  4- 6 |  7- 9 || total
---------------------------+-------+-------+-------++-------
  Melee: Hand axe          |    80 |   148 |     8 ||   236
         Headbutt          |     9 |    18 |    43 ||    70
         Punch             |     1 |     2 |     5 ||     8
         War axe           |       |       |   229 ||   229
  Throw: Stone             |       |     3 |     3 ||     6
 Invoke: Berserk           |     1 |       |     2 ||     3
         Trog's Hand       |       |       |     1 ||     1
 Armour: Scale mail        |    35 |    55 |   120 ||   210
         Chain mail        |       |    12 |       ||    12
  Dodge: Dodged            |    51 |    72 |   177 ||   300
